 Dungeon Crawl Stone Soup version 0.18-a0-1778-gadce9fa (webtiles) character file.

60 Zhenya25pyc the Skirmisher (level 4, -4/29 HPs)
             Began as a Gargoyle Fighter on Apr 16, 2016.
             Was an Initiate of Makhleb.
             Slain by a gnoll
             ... wielding a +0 spear
              (5 damage)
             ... on level 3 of the Dungeon.
             The game lasted 00:03:08 (1147 turns).

Zhenya25pyc the Skirmisher (Gargoyle Fighter)       Turns: 1147, Time: 00:03:08

Health: -4/29      AC: 11    Str: 21    XL:     4   Next: 6%
Magic:  4/4        EV:  7    Int:  8    God:    Makhleb [......]
Gold:   171        SH:  9    Dex:  9    Spells: 0 memorised, 3 levels left

rFire  . . .     SeeInvis .     a - +0 flail
rCold  . . .     Gourm    .     b - +0 scale mail
rNeg   + . .     Faith    .     c - +0 shield
rPois  ∞         Spirit   .     j - +0 helmet
rElec  +         Dismiss  .     (no cloak)
rCorr  +         Reflect  .     (no gloves)
SustAt .         Harm     .     (no boots)
MR     .....                    m - amulet of regeneration
Stlth  ..........               (no ring)
                                o - ring of resist corrosion

@: not resistant to hostile enchantments, extremely unstealthy
A: negative energy resistance 1, electricity resistance, unbreathing,
petrification resistance, rot immunity, AC +3
a: Renounce Religion


You were on level 3 of the Dungeon.
You worshipped Makhleb.
Makhleb was noncommittal.
You were not hungry.

You visited 1 branch of the dungeon, and saw 3 of its levels.

You collected 171 gold pieces.

Inventory:

Hand Weapons
 a - a +0 flail (weapon)
Armour
 b - a +0 scale mail (worn)
 c - a +0 shield (worn)
 j - a +0 helmet (worn)
Jewellery
 m - an amulet of regeneration (around neck)
 o - a ring of resist corrosion (left hand)
Wands
 p - a wand of iceblast (8/15)
Scrolls
 e - a scroll of remove curse {unknown}
 h - 3 scrolls of identify {unknown}
 n - a scroll of enchant armour {unknown}
Potions
 d - a potion of might
 g - a potion of curing {unknown}
 i - a potion of beneficial mutation {unknown}
 l - a potion of heal wounds {unknown}
 q - 2 potions of magic {unknown}
Comestibles
 f - 2 bread rations
 k - a beef jerky


   Skills:
 + Level 4.1 Fighting
 * Level 3.0 Maces & Flails
 + Level 3.8 Armour
 - Level 3.2 Shields


You had 3 spell levels left.
You didn't know any spells.

Dungeon Overview and Level Annotations

Branches:
Dungeon (3/15)

Altars:
Makhleb


Innate Abilities, Weirdness & Mutations

You are resistant to torment.
Your stone body is resilient (AC +3).
You are immune to poison.
You resist negative energy.
You are resistant to electric shocks.
You can survive without breathing.
You are immune to petrification.
You are immune to rotting.


Message History

The gnoll is almost dead.
You block the bat's attack. x2; The gnoll hits you.
* * * LOW HITPOINT WARNING * * *
The bat hits you but does no damage. The gnoll hits you but does no damage.
You block the gnoll's attack.
You closely miss the gnoll.
The gnoll is almost dead.
You block the bat's attack. The bat hits you but does no damage.
The gnoll completely misses you. The gnoll hits you.
* * * LOW HITPOINT WARNING * * *
The gnoll hits you but does no damage.
You hit the gnoll.
You kill the gnoll!
Makhleb accepts your kill.
Your Maces & Flails skill increases to level 3!
You have reached level 4!
You feel stronger. The bat closely misses you.
The gnoll hits you from afar with a spear.
You die...

#. .....#
#.##.##.#
#?#..##.#
#..<.##.#
##......b+
.....##.#
#.#.g##.#
#....<@.#
#....####
#.##.# #
#.# #.#
..# ###


You could see a gnoll and a bat.

Vanquished Creatures
  2 gnolls (D:3)
  An ooze (D:1)
  3 dart slugs
  A giant gecko (D:2)
  5 goblins
  2 hobgoblins (D:1)
  3 jackals (D:2)
  3 bats
  2 giant newts (D:1)
  3 kobolds
  9 rats
34 creatures vanquished.

Notes
Turn   | Place    | Note
--------------------------------------------------------------
     0 | D:1      | Zhenya25pyc the Gargoyle Fighter began the quest for the Orb.
     0 | D:1      | Reached XP level 1. HP: 14/14 MP: 1/1
    91 | D:1      | Reached XP level 2. HP: 18/19 MP: 2/2
   400 | D:1      | Reached skill level 4 in Fighting
   711 | D:2      | Reached XP level 3. HP: 24/24 MP: 3/3
   912 | D:2      | Found a burning altar of Makhleb.
   912 | D:2      | Noticed a balrug
   916 | D:2      | Noticed a smoke demon
   916 | D:2      | Noticed a hellwing
   918 | D:2      | Became a worshipper of Makhleb the Destroyer
  1143 | D:3      | HP: 1/24 [gnoll/spear (6)]
  1147 | D:3      | Reached XP level 4. HP: 1/29 MP: 4/4
  1147 | D:3      | Slain by a gnoll

Vault maps used:
D:1:      sevenhm_arrival_forest_fort_small_3
D:2:      makhleb_altar_promises_db
D:3:      tgw_trog, nicolae_overflow_hidden_temple, uniq_iyjb, uniq_robin

Skill      XL: |  1  2  3 |
---------------+----------+-----
Fighting       | 4 |  4.1
Maces & Flails | 3 |  3.0
Armour         | |  3.8
Shields        | |  3.2

Action                   |  1- 3 |  4- 6 || total
-------------------------+-------+-------++-------
Melee: Flail             |   129 |       ||   129
  Eat: Chunk             |     1 |       ||     1
Armor: Scale mail        |   102 |       ||   102
Dodge: Dodged            |    56 |     1 ||    57
Block: Shield            |    82 |       ||    82
